 Dungeon Crawl Stone Soup version 0.22-a0-355-g201945fe43 (webtiles) character file.

187 KleinerIrrer the Shield-Bearer (level 5, -3/50 HPs)
             Began as a Naga Fighter on Apr 18, 2018.
             Slain by a bullfrog skeleton (5 damage)
             ... on level 3 of the Dungeon.
             The game lasted 00:03:14 (2689 turns).

KleinerIrrer the Shield-Bearer (Naga Fighter)       Turns: 2689, Time: 00:03:14

Health: -3/50      AC:  5    Str: 24    XL:     5   Next: 66%
Magic:  5/5        EV:  6    Int:  9    God:
Gold:   159        SH:  9    Dex: 10    Spells: 4/4 levels left

rFire    . . .     SeeInvis +   a - +0 trident
rCold    . . .     Gourm    .   c - +0 shield
rNeg     . . .     Faith    .   b - +0 scale mail
rPois    +         Spirit   .   (no helmet)
rElec    .         Reflect  .   (no cloak)
rCorr    .         Harm     .   (no gloves)
MR       .....                  (no barding)
Stlth    ..........             (no amulet)
HPRegen  0.16/turn              (no ring)
MPRegen  0.09/turn              (no ring)

@: mighty, very slow
A: large, see invisible, deformed body, poison resistance, slowness 2, slow
metabolism 1, spit poison 1, AC +1
a: Spit Poison


You were on level 3 of the Dungeon.
You were very hungry.

You visited 1 branch of the dungeon, and saw 3 of its levels.

You collected 159 gold pieces.

Inventory:

Hand Weapons
 a - a +0 trident (weapon)
Armour
 b - a +0 scale mail (worn)
 c - a +0 shield (worn)
Jewellery
 e - an uncursed amulet of the gourmand {unknown}
Scrolls
 g - 2 scrolls of fog {unknown}
 h - 3 scrolls of teleportation {unknown}
 i - 2 scrolls of identify {unknown}
Comestibles
 f - 3 rations


   Skills:
 + Level 3.6 Fighting
 * Level 3.5 Polearms
 - Level 2.4 Armour
 - Level 0.1 Dodging
 * Level 4.0 Shields


You had 4 spell levels left.
You didn't know any spells.

Dungeon Overview and Level Annotations

Branches:
Dungeon (3/15)

Altars:
Dithmenos
Nemelex Xobeh


Innate Abilities, Weirdness & Mutations

You cannot wear boots.
Your serpentine skin is tough. (AC +1)
You have supernaturally acute eyesight. (SInv)
Armour fits poorly on your strangely shaped body.
Your system is resistant to poisons. (rPois)
You cover ground very slowly.
You have a slow metabolism.
You can spit poison.


Message History

You closely miss the orc priest.
The orc priest is severely wounded.
You block the bullfrog skeleton's attack.
The orc priest barely misses you.
The bullfrog skeleton hits you but does no damage.
You barely miss the orc priest.
The orc priest is severely wounded.
You block the orc priest's attack.
The bullfrog skeleton completely misses you.
You hit the orc priest but do no damage.
The orc priest is severely wounded.
The bullfrog skeleton barely misses you.
The orc priest barely misses you. The bullfrog skeleton hits you.
* * * LOW HITPOINT WARNING * * *
You feel very mighty all of a sudden.
The orc priest mumbles some strange prayers to Beogh against you.
Beogh smites you!
* * * LOW HITPOINT WARNING * * *
The bullfrog skeleton hits you.
You die...

# ... .. ##..# #.# ..
#..# #.# ###. #..# #.#
###..o #..# #.# #oo..
##..# #.# #o#.# ....#
#.#####@#.##.#
##.#######.......Zo...#
.#..........)....#.#.##
..[.###########..#.#
....## #...#.. .....#
##..##.# ...(.# #..# ..
...<.# #... )## .....#
#..#..#


You could see an orc priest, 3 orcs and a bullfrog skeleton.

Vanquished Creatures
  The ghost of KleinerIrrer the Chopper, an amateur NaWn (D:3)
  4 adders (D:2)
  2 oozes
  2 dart slugs (D:1)
  2 leopard geckos
  A giant cockroach (D:1)
  3 goblins
  5 hobgoblins
  7 kobolds
  3 quokkas (D:2)
  A ball python (D:1)
  9 bats
  4 frilled lizards
  5 rats
49 creatures vanquished.

Notes
Turn   | Place    | Note
-------+----------+-------------------------------------------
     0 | D:1      | KleinerIrrer the Naga Fighter began the quest for the Orb.
     0 | D:1      | Reached XP level 1. HP: 21/21 MP: 1/1
   284 | D:1      | Reached XP level 2. HP: 28/28 MP: 2/2
   345 | D:1      | Reached skill level 3 in Shields
   548 | D:1      | Reached XP level 3. HP: 34/34 MP: 3/3
  1615 | D:2      | Reached XP level 4. HP: 33/42 MP: 4/4
  1718 | D:2      | Found a shadowy altar of Dithmenos.
  2199 | D:2      | Found a sparkling altar of Nemelex Xobeh.
  2379 | D:3      | Noticed KleinerIrrer's ghost (amateur NaWn)
  2404 | D:3      | Killed KleinerIrrer's ghost
  2404 | D:3      | Reached skill level 4 in Shields
  2404 | D:3      | Reached XP level 5. HP: 8/50 MP: 5/5
  2689 | D:3      | HP: 2/50 [orc priest/divine providence (13)]
  2689 | D:3      | Slain by a bullfrog skeleton

Vault maps used:
D:1:      lightli_arrival_statue_moat, minivault_23
D:2:      grunt_dithmenos_smoke, nemelex_xobeh_ov_fountains_minmay

Skill      XL: |  1  2  3  4 |
---------------+-------------+-----
Shields        | 3 4 |  4.0
Polearms       | 3 |  3.5
Fighting       | |  3.6
Armour         | |  2.4
Dodging        | |  0.1

Action                   |  1- 3 |  4- 6 || total
-------------------------+-------+-------++-------
Melee: Trident           |   131 |   111 ||   242
  Use: Potion            |       |     1 ||     1
  Eat: Chunk             |     1 |     2 ||     3
Armor: Scale mail        |    31 |    36 ||    67
Dodge: Dodged            |    32 |    34 ||    66
Block: Shield            |    47 |    47 ||    94

Table legend:
 A = Spawn XP
 B = Non-spawn XP
 C = Spawn XP percentage of total XP
 D = Spawn monster count
 E = Non-spawn monster count
 F = Spawn count percentage of total count
 G = Total turns spent on level
                    A         B        C        D         E        F      G
               +---------+---------+-------+---------+---------+-------+---------
         Total |       0 |     268 |   0.0 |       0 |      49 |   0.0 |  2689
               +---------+---------+-------+---------+---------+-------+---------
           D:1 |       0 |      53 |   0.0 |       0 |      28 |   0.0 |  1156
           D:2 |       0 |      84 |   0.0 |       0 |      19 |   0.0 |  1366
           D:3 |       0 |     131 |   0.0 |       0 |       2 |   0.0 |   167
               +---------+---------+-------+---------+---------+-------+---------
